Map: Zen LE

Players

ViBE

  • Race: Terran Terran
  • League: Silver
  • Spawn Location: 1:00

Zen - Winner!

  • Race: Protoss Protoss
  • Spawn Location: 7:00

VOD

https://www.youtube.com/watch?v=kuS_PgtyAP8&list=PLFeZeom2b4DmHduNHeFj-6PfoasuSQn3P&index=2

Description

Time

  • Played on: Dec. 5, 2019, 8:41 p.m.
  • Length: 12:19
Show
View Real Time Build Order
Export as new Build Order

ViBE Terran 

Build Orders:  

Get SALT Encoding   

  12  0:00  SCV  
  13  0:12  SCV  
  14  0:18  Supply Depot  
  14  0:25  SCV  
  15  0:40  SCV  
  15  0:42  Barracks  
  16  0:45  Refinery  
  16  0:52  SCV  
  12  1:32  Marine  
  13  2:17  SCV  
  14  2:30  Orbital Command  
  14  2:55  SCV  
  15  3:09  Command Center  
  15  3:11  SCV  
  16  3:23  SCV  
  16  3:27  Supply Depot  
  16  3:35  SCV  
  17  3:47  SCV  
  18  3:57  Command Center  
  18  3:59  SCV  
  19  4:11  SCV  
  20  4:23  SCV  
  21  4:28  Supply Depot  
  21  4:35  SCV  
  22  4:48  SCV  
  22  4:50  Refinery  
  22  4:51  Factory  
  23  4:56  Supply Depot  
  23  5:00  SCV  
  24  5:10  Orbital Command  
  24  5:12  SCV  
  25  5:23  Engineering Bay  
  25  5:24  SCV  
  25  5:25  Orbital Command  
  26  5:31  Factory  
  26  5:35  Factory Tech Lab  
  26  5:36  SCV  
  26  5:41  SCV  
  28  5:48  SCV  
  29  5:53  Missile Turret, SCV  
  29  5:55  Missile Turret  
  30  5:58  SCV  
  30  6:00  SCV  
  30  6:01  Siege Tank  
  35  6:06  Orbital Command  
  35  6:10  SCV  
  36  6:12  SCV  
  36  6:16  Missile Turret  
  36  6:17  Factory Reactor  
  37  6:22  SCV  
  37  6:24  SCV  
  39  6:33  SCV  
  39  6:34  SCV  
  39  6:36  SCV  
  42  6:45  SCV  
  42  6:46  SCV  
  47  6:48  SCV  
  47  6:52  Armory  
  47  6:53  Missile Turret x2  
  48  6:56  Missile Turret, Cyclone  
  48  6:57  SCV  
  48  6:58  Missile Turret  
  49  7:01  Hi-Sec Auto Tracking  
  49  7:02  Missile Turret x2  
  49  7:06  Missile Turret x2  
  49  7:08  Missile Turret  
  49  7:12  SCV x3  
  50  7:21  Missile Turret  
  50  7:22  Missile Turret  
  48  7:24  SCV x3  
  50  7:36  SCV x2  
  52  7:37  Widow Mine  
  56  7:45  SCV  
  56  7:48  Refinery, SCV x2  
  56  7:49  Refinery  
  56  7:57  SCV  
  56  7:58  Missile Turret  
  57  7:59  Missile Turret  
  55  8:06  Missile Turret  
  53  8:13  Missile Turret  
  53  8:14  Missile Turret x2  
  53  8:15  Missile Turret, SCV x3  
  56  8:27  SCV x3  
  56  8:33  Thor  
  65  8:36  Supply Depot x2  
  65  8:39  SCV x3  
  68  8:42  Refinery  
  68  8:51  SCV, Factory  
  68  8:52  SCV  
  68  8:54  Factory  
  71  9:04  SCV x2  
  71  9:09  Orbital Command  
  72  9:12  Missile Turret  
  72  9:14  Missile Turret  
  72  9:16  Missile Turret x2, Thor  
  77  9:26  Factory  
  77  9:31  Missile Turret  
  77  9:32  Missile Turret  
  77  9:34  Missile Turret  
  77  9:35  Missile Turret  
  77  9:41  Refinery x2  
  77  9:42  SCV  
  77  9:43  SCV x2  
  80  9:46  Factory Tech Lab  
  80  9:54  SCV  
  80  9:55  SCV x2  
  83  10:00  Command Center  
  83  10:02  Thor  
  89  10:11  Supply Depot  
  89  10:12  Terran Vehicle Weapons Level 1  
  89  10:13  Thor, Supply Depot  
  95  10:14  Factory Tech Lab  
  95  10:16  Supply Depot x2  
  95  10:23  Missile Turret  
  95  10:31  Refinery  
  95  10:36  Missile Turret  
  95  10:37  Missile Turret  
  95  10:38  Missile Turret  
  95  10:39  Thor  
  95  10:40  Missile Turret  
  101  10:54  SCV x2  
  101  10:55  SCV  
  104  11:15  Missile Turret x2, Thor x2  
  104  11:16  Missile Turret  
  116  11:18  Missile Turret  
  116  11:27  Thor  
  122  11:36  Missile Turret  
  122  11:37  Missile Turret x2  
  122  11:38  Missile Turret  
  121  11:49  Factory  
  121  11:50  Factory  
  121  11:51  Factory  
  116  11:55  SCV  
  116  11:56  SCV x3  
  116  11:58  Missile Turret  
Show
View Real Time Build Order
Export as new Build Order

Zen Protoss - Winner!

Build Orders:  

Get SALT Encoding   

  12  0:01  Probe  
  13  0:13  Probe  
  14  0:25  Probe  
  15  0:46  Pylon  
  14  1:15  Probe (Chrono Boost)  
  15  1:24  Probe (Chrono Boost)  
  16  1:32  Probe (Chrono Boost)  
  17  1:41  Probe (Chrono Boost)  
  17  1:46  Probe (Chrono Boost)  
  19  1:58  Probe  
  16  2:10  Probe (Chrono Boost)  
  16  2:22  Probe (Chrono Boost)  
  17  2:26  Probe (Chrono Boost)  
  19  2:37  Probe  
  19  2:45  Nexus  
  19  2:51  Probe  
  20  3:02  Assimilator  
  20  3:03  Probe  
  21  3:15  Probe  
  22  3:26  Nexus  
  22  3:45  Gateway  
  22  3:47  Assimilator  
  22  3:51  Assimilator  
  22  3:52  Probe (Chrono Boost)  
  23  4:00  Probe (Chrono Boost)  
  24  4:04  Probe (Chrono Boost)  
  26  4:10  Probe (Chrono Boost)  
  26  4:13  Probe (Chrono Boost)  
  26  4:15  Probe (Chrono Boost)  
  28  4:18  Pylon  
  28  4:20  Probe  
  29  4:25  Probe (Chrono Boost)  
  29  4:29  Pylon  
  30  4:33  Cybernetics Core  
  30  4:35  Probe (Chrono Boost)  
  30  4:37  Probe (Chrono Boost)  
  32  4:43  Probe (Chrono Boost)  
  35  4:47  Probe (Chrono Boost)  
  35  4:50  Probe (Chrono Boost)  
  35  4:51  Probe (Chrono Boost)  
  36  4:54  Probe (Chrono Boost)  
  36  4:56  Probe (Chrono Boost)  
  36  4:57  Assimilator, Probe (Chrono Boost)  
  39  5:01  Assimilator  
  39  5:04  Probe  
  39  5:06  Probe  
  41  5:08  Probe  
  41  5:12  Stargate  
  42  5:16  Probe  
  42  5:18  Probe  
  42  5:20  Probe  
  45  5:24  Stargate  
  45  5:28  Probe, Protoss Air Weapons Level 1 (Chrono Boost)  
  46  5:30  Probe  
  46  5:32  Probe  
  46  5:34  Pylon  
  48  5:40  Probe, Forge  
  48  5:42  Probe  
  50  5:46  Probe  
  51  5:52  Probe  
  51  5:54  Probe  
  57  5:58  Void Ray (Chrono Boost)  
  57  6:00  Probe  
  58  6:04  Probe  
  58  6:06  Probe  
  58  6:10  Void Ray (Chrono Boost)  
  64  6:11  Pylon  
  64  6:14  Stargate  
  64  6:18  Probe x3  
  67  6:27  Pylon  
  67  6:28  Pylon  
  67  6:30  Void Ray  
  71  6:36  Photon Cannon, Shield Battery  
  71  6:42  Photon Cannon  
  71  6:44  Void Ray  
  75  6:52  Shield Battery  
  75  7:07  Void Ray (Chrono Boost)  
  79  7:12  Void Ray (Chrono Boost)  
  79  7:14  Probe x2  
  79  7:15  Probe  
  86  7:17  Assimilator  
  86  7:19  Assimilator  
  86  7:23  Photon Cannon  
  86  7:25  Void Ray (Chrono Boost)  
  90  7:33  Nexus  
  90  7:47  Void Ray (Chrono Boost)  
  90  7:58  Probe x3, Protoss Shields Level 1  
  93  8:10  Probe x3  
  96  8:13  Protoss Air Armor Level 1  
  96  8:22  Probe x3  
  99  8:34  Probe x2  
  101  8:41  Fleet Beacon  
  101  8:42  Photon Cannon  
  101  8:45  Probe  
  101  8:46  Pylon  
  102  8:50  Pylon  
  102  8:53  Pylon  
  102  8:55  Assimilator, Pylon  
  102  9:00  Assimilator  
  102  9:02  Pylon  
  98  9:06  Probe x4  
  98  9:07  Void Ray  
  98  9:08  Void Ray x2  
  114  9:19  Probe  
  114  9:20  Probe x2  
  117  9:31  Robotics Facility  
  117  9:32  Robotics Facility  
  117  9:35  Robotics Facility  
  117  9:37  Pylon  
  117  9:41  Pylon  
  117  9:49  Probe x2  
  117  9:50  Probe, Void Ray x2  
  117  9:51  Probe, Void Ray  
  133  10:05  Unknown  
  133  10:23  Immortal x3 (Chrono Boost)  
  145  10:33  Void Ray x3  
  157  10:54  Nexus  
  157  10:55  Immortal x3 (Chrono Boost)  
  169  10:57  Pylon  
  169  10:59  Pylon  
  169  11:03  Pylon, Shield Battery  
  169  11:05  Photon Cannon  
  169  11:06  Tempest, Photon Cannon, Void Ray  
  169  11:07  Pylon  
  178  11:27  Nexus  
  178  11:29  Pylon  
  178  11:30  Photon Cannon  
  178  11:31  Pylon  
  178  11:32  Photon Cannon  
  178  11:34  Photon Cannon  
  178  11:35  Shield Battery  
  178  11:36  Pylon x2, Immortal x3  
  190  11:43  Pylon  
Tags
 
Add a new tag
Caveats
  • Supply blocks, unpowered buildings, or Contaminate may cause inaccurate times.
  • Supply counts are checked every 10 seconds.